 Dungeon Crawl Stone Soup version 0.26-b1-32-g5d43845318 (webtiles) character file.

Game seed: 6203627051441285162

367 Borgoz the Shield-Bearer (level 7, -3/47 HPs)
             Began as a Halfling Fighter on Jan 9, 2021.
             Was an Initiate of Kikubaaqudgha.
             Slain by a mummy (11 damage)
             ... in an ossuary.
             The game lasted 00:06:34 (3035 turns).

Borgoz the Shield-Bearer (Halfling Fighter)         Turns: 3035, Time: 00:06:34

Health: -3/47      AC:  9    Str: 17    XL:     7   Next: 1%
Magic:  7/7        EV:  9    Int:  6    God:    Kikubaaqudgha [......]
Gold:   102        SH: 10    Dex: 19    Spells: 6/6 levels left

rFire    . . .     SeeInvis .   a - +0 long sword
rCold    . . .     Faith    .   c - +0 kite shield
rNeg     + + .     Spirit   .   b - +0 scale mail
rPois    .         Reflect  .   (no helmet)
rElec    .         Harm     .   m - +0 cloak of Indomitability {rN++ Dex+3} (curse)
rCorr    .         Rampage  .   k - +0 pair of gloves
Will     .....                  (no boots)
Stlth    ..........             (no amulet)
HPRegen  0.15/turn              (no ring)
MPRegen  0.10/turn              (no ring)

@: no status effects
A: small, mutation resistance 1
a: Renounce Religion


You were in an ossuary.
You worshipped Kikubaaqudgha.
Kikubaaqudgha was noncommittal.
You visited 2 branches of the dungeon, and saw 5 of its levels.
You also visited: Ossuary.

You collected 102 gold pieces.

Inventory:

Hand Weapons
 a - a +0 long sword (weapon)
Armour
 b - a +0 scale mail (worn)
 c - a +0 kite shield (worn)
 k - a +0 pair of gloves (worn)
 m - the cursed +0 cloak of Indomitability (worn) {rN++ Dex+3}
   (You found it on level 4 of the Dungeon)

   It affects your dexterity (+3).
   It greatly protects you from negative energy.
   It has a curse placed upon it.
Jewellery
 e - an uncursed ring of flight
Wands
 l - a wand of acid (10)
Scrolls
 f - a scroll of teleportation
Potions
 d - 2 potions of curing
 g - 2 potions of resistance {unknown}
 i - a potion of flight
 p - a potion of haste


   Skills:
 + Level 3.7 Fighting
 * Level 4.6 Long Blades
 + Level 4.6 Armour
 + Level 4.6 Shields


You had 6 spell levels left.
You didn't know any spells.
Your spell library was empty.

Dungeon Overview and Level Annotations

Branches:
Dungeon (4/15)             Temple (1/1) D:4         Ossuary (1/1)

Altars:
Ashenzari
Elyvilon
Kikubaaqudgha
Makhleb
Ru
Wu Jian
The Shining One


Innate Abilities, Weirdness & Mutations

You are small and have problems with some larger weapons.
You are somewhat resistant to further mutation.


Message History

You destroy the orc zombie!
Kikubaaqudgha accepts your kill. The mummy barely misses you.
You riposte.
You hit the mummy but do no damage. You block the kobold zombie's attack.
You hit the kobold zombie.
The kobold zombie is severely damaged.
The orc zombie barely misses you. The kobold zombie barely misses you.
You hit the kobold zombie but do no damage.
The kobold zombie is severely damaged.
The mummy hits you!
* * * LOW HITPOINT WARNING * * *
The orc zombie barely misses you.
A gnoll zombie comes into view.
You hit the orc zombie.
The orc zombie is moderately damaged.
The orc zombie hits you.
* * * LOW HITPOINT WARNING * * *
The mummy hits you!
You die...
Kikubaaqudgha rasps: "You have failed me!
Welcome... death!"

Z.....#
#....#
#....#
#....#
#....#
#....#
#M...#


#ZZMM# #.@..# #.∩[.# ###### You could see 3 mummies, a kobold zombie and an orc
zombie.

Vanquished Creatures
  An orc priest (D:4)
  A centaur skeleton (D:4)
  An orc wizard (D:3)
  Natasha (thrice) (D:3)
  2 worker ants (D:4)
  2 hound skeletons (D:4)
  A mummy (Ossuary)
  4 adders
  2 oozes
  A worm (D:2)
  A dart slug (D:3)
  3 leopard geckos
  10 orcs
  6 goblins
  3 hobgoblins
  8 jackals
  4 kobolds
  2 ball pythons
  6 bats
  3 frilled lizards
  2 hobgoblin zombies (Ossuary)
  A jackal skeleton (D:4)
  A kobold zombie (Ossuary)
  2 orc zombies (Ossuary)
  A quokka skeleton (D:4)
  9 rats
80 creatures vanquished.

Notes
Turn   | Place    | Note
-------+----------+-------------------------------------------
     0 | D:1      | Borgoz the Halfling Fighter began the quest for the Orb.
     0 | D:1      | Reached XP level 1. HP: 15/15 MP: 1/1
   269 | D:1      | Reached XP level 2. HP: 20/20 MP: 2/2
   685 | D:1      | Reached XP level 3. HP: 25/25 MP: 3/3
   822 | D:2      | Found a broken altar of Ashenzari.
  1151 | D:2      | Found a burning altar of Makhleb.
  1356 | D:3      | Reached XP level 4. HP: 31/31 MP: 4/4
  1381 | D:3      | Noticed Natasha
  1396 | D:3      | Killed Natasha
  1622 | D:3      | Noticed Natasha
  1630 | D:3      | Killed Natasha
  1631 | D:3      | Reached XP level 5. HP: 29/36 MP: 5/5
  1997 | D:3      | Noticed Natasha
  2006 | D:3      | Killed Natasha
  2385 | D:3      | Reached XP level 6. HP: 42/42 MP: 6/6
  2565 | D:3      | Found an ornate altar of the Wu Jian Council.
  2901 | D:4      | Found a staircase to the Ecumenical Temple.
  2913 | D:4      | Got a bloodstained cloak
  2919 | Temple   | Entered the Ecumenical Temple
  2960 | Temple   | Became a worshipper of Kikubaaqudgha
  2982 | Temple   | Identified the cursed +0 cloak of Indomitability {rN++
                  | Dex+3} (You found it on level 4 of the Dungeon)
  3000 | D:4      | Found a sand-covered staircase.
  3005 | Ossuary  | Entered an ossuary
  3027 | Ossuary  | Reached XP level 7. HP: 26/47 MP: 7/7
  3035 | Ossuary  | Slain by a mummy

Illustrated notes

Levels and vault maps discovered:
D:1:      minmay_arrival_hallway, layout_basic
D:2:      layout_rooms, nicolae_overflow_hidden_temple,
          nicolae_ashenzari_panopticon
D:3:      minmay_angry_zag, layout_loops_cross, general_overflow_altar,
          uniq_natasha
D:4:      layout_basic, minmay_temple_entry_grid,
          nicolae_ossuary_entry_false_entrances, grunt_decor_one_mirror
Temple:   jpeg_temple_clearing
Ossuary:  ossuary_tomb_3

Skill      XL: |  1  2  3  4  5  6 |
---------------+-------------------+-----
Fighting       | 3 |  3.7
Long Blades    | 3 4 |  4.6
Armour         | 4 |  4.6
Shields        | 4 |  4.6

Action                   |  1- 3 |  4- 6 |  7- 9 || total
-------------------------+-------+-------+-------++-------
Melee: Long sword        |    99 |   182 |     5 ||   286
  Use: Scroll            |       |     9 |       ||     9
       Potion            |       |     4 |       ||     4
Armor: Scale mail        |    34 |    80 |     1 ||   115
Dodge: Dodged            |    44 |    77 |     4 ||   125
Block: Kite shield       |    55 |    83 |     2 ||   140
       Rpst.: Long sword |    15 |    27 |     1 ||    43
